 Dungeon Crawl Stone Soup version 0.28.0-53-g5a82cb258f (webtiles) character file.

Game seed: 4200326417609035413

177 Zeld the Conjurer (level 5, 0/28 HPs)
             Began as a Deep Elf Conjurer on May 24, 2022.
             Slain by an ice beast (14 damage)
             ... on level 4 of the Dungeon.
             The game lasted 00:03:00 (2268 turns).

Zeld the Conjurer (Deep Elf Conjurer)               Turns: 2268, Time: 00:03:00

Health: 0/28       AC:  2    Str:  4    XL:     5   Next: 30%
Magic:  1/14       EV: 12    Int: 25    God:
Gold:   52         SH:  0    Dex: 13    Spells: 3/14 levels left

rFire   . . .      SeeInvis .   a - +2 whip (venom)
rCold   . . .      Faith    .   (no shield)
rNeg    . . .      Spirit   .   b - +0 robe
rPois   .          Reflect  .   (no helmet)
rElec   .          Harm     .   (no cloak)
rCorr   .          Rampage  .   (no gloves)
Will    .....                   (no boots)
Stlth   ++........              (no amulet)
HPRegen 0.09/turn               (no ring)
MPRegen 0.14/turn               (no ring)

@: no status effects
A: no striking features
a: no special abilities


You were on level 4 of the Dungeon.
You visited 1 branch of the dungeon, and saw 3 of its levels.

You collected 167 gold pieces.
You spent 115 gold pieces at shops.

Inventory:

Hand Weapons
 a - a +2 whip of venom (weapon)
Armour
 b - a +0 robe (worn)
Scrolls
 d - a scroll of blinking {unknown}
 f - 3 scrolls of amnesia
 g - 2 scrolls of identify
 h - 4 scrolls of teleportation
 i - a scroll of holy word {unknown}
 j - a scroll of noise {unknown}
Potions
 c - a potion of heal wounds {unknown}
 e - a potion of berserk rage {unknown}


   Skills:
 - Level 2.4 Dodging
 - Level 2.4 Stealth
 * Level 5.1 Spellcasting
 * Level 5.6 Conjurations
 - Level 2.0 Hexes
 - Level 2.0 Translocations


You had 3 spell levels left.
You knew the following spells:

 Your Spells              Type           Power      Damage    Failure   Level
a - Magic Dart            Conj           100%       1d8       1%          1
b - Searing Ray           Conj           68%        2d6       1%          2
c - Fulminant Prism       Conj/Hex       12%        3d9       17%         4
d - Iskenderun's Mystic   Conj/Tloc      25%        2d7       17%         4

Your spell library contained the following spells:

 Spells                   Type           Power      Damage    Failure   Level
 Static Discharge         Conj/Air       20%        N/A       3%          2
 Dazzling Flash           Conj/Hex       50%        N/A       4%          3
 Animate Skeleton         Necr           12%        N/A       9%          1
 Pain                     Necr           24%        1d5       9%          1
 Vampiric Draining        Necr           6%         2d6       24%         3
 Lightning Bolt           Conj/Air       10%        1d23      56%         5
 Silence                  Hex/Air        5%         N/A       83%         5
 Agony                    Necr           6%         N/A       92%         5
 Maxwell's Capacitive Co  Air            3%         ∞         100%        8


Dungeon Overview and Level Annotations

Branches:
Dungeon (2/15)

Altars:

Shops:
D:2 ?


Message History

Aim: an ogre, wielding a +0 giant spiked club (severely wounded, 90% to hit)
The searing ray hits the ogre.
The ogre is almost dead. (Press . to maintain the ray.)
The ogre misses you.
The searing ray hits the ogre.
You kill the ogre!
The searing ray hits the ice beast!
The ice beast is moderately wounded.
Training target 2.0 for Translocations reached!
Your Spellcasting skill increases to level 5!
Your Translocations skill increases to level 2!
You have reached level 5!
The searing ray hits the ice beast.
The ice beast is moderately wounded.
The ice beast hits you. The ice beast freezes you!
Unknown command.
The searing ray hits the ice beast!
The ice beast is severely wounded.
You finish channelling your searing ray.
The ice beast closely misses you.
Unknown command.
Unknown command.
Casting: Searing Ray (safe; 1% risk of failure)
Confirm with . or Enter, or press ? or * to list all spells.
Aiming: Magic Dart (safe; 1% risk of failure)
Press: ? - help, Shift-Dir - straight line, f - ice beast
Aim: an ice beast (severely wounded, 100% to hit)
Okay, then.
There is an open door here.
Casting: Magic Dart (safe; 1% risk of failure)
Confirm with . or Enter, or press ? or * to list all spells.
Aiming: Searing Ray (safe; 1% risk of failure)
Press: ? - help, Shift-Dir - straight line, f - ice beast
Aim: an ice beast (heavily wounded, 81% to hit)
The searing ray misses the ice beast. (Press . to maintain the ray.)
The ice beast hits you. The ice beast freezes you!
Ouch! That really hurt!
You die...

##+## ####.######
#...## #.........#
.....## #.##.####.#
......## #.#...###.#
.......###......##.#
.......'.......###.#
.......###.....# #.#
.....)## #.#.#.###.#
.....## #.....Y@..#
#...## ##....#####
##'## #.#### ...#
#.# .### #.# ..###
#.# ..(.# #.# ..Y.##
#.# .....# #.#


You could see an ice beast.

Vanquished Creatures
  An ogre (D:4)
  A hound skeleton (D:4)
  2 gnolls (D:1)
  An adder (D:4)
  2 dart slugs (D:1)
  7 endoplasms
  2 giant cockroaches (D:1)
  2 goblins (D:1)
  4 hobgoblins (D:1)
  2 quokkas (D:1)
  4 ball pythons
  2 bats (D:2)
  4 frilled lizards
  8 kobolds
  7 rats
49 creatures vanquished.

Notes
Turn   | Place    | Note
-------+----------+-------------------------------------------
     0 | D:1      | Zeld the Deep Elf Conjurer began the quest for the Orb.
     0 | D:1      | Reached XP level 1. HP: 10/10 MP: 6/6
   171 | D:1      | Reached XP level 2. HP: 13/15 MP: 0/8
   314 | D:1      | Learned a level 2 spell: Searing Ray
   367 | D:1      | Found a faded altar of an unknown god.
   385 | D:1      | Reached skill level 1 in Hexes
   448 | D:1      | Reached skill level 1 in Translocations
   448 | D:1      | Reached XP level 3. HP: 14/19 MP: 5/10
  1529 | D:1      | Reached skill level 5 in Conjurations
  1700 | D:2      | Found Mannoerueg's Magic Scroll Shop.
  1714 | D:2      | Bought a scroll of identify for 20 gold pieces
  1714 | D:2      | Bought a scroll of amnesia for 35 gold pieces
  1734 | D:2      | Reached XP level 4. HP: 24/24 MP: 10/12
  1737 | D:2      | Bought a scroll of teleportation for 30 gold pieces
  1737 | D:2      | Bought a scroll of teleportation for 30 gold pieces
  1861 | D:2      | You fall into a shaft and drop 2 floors!
  1996 | D:4      | Learned a level 4 spell: Fulminant Prism
  2001 | D:4      | Learned a level 4 spell: Iskenderun's Mystic Blast
  2225 | D:4      | Noticed an ogre
  2228 | D:4      | Noticed an ice beast
  2255 | D:4      | Killed an ogre
  2256 | D:4      | Reached skill level 5 in Spellcasting
  2256 | D:4      | Reached XP level 5. HP: 28/28 MP: 3/14
  2268 | D:4      | Slain by an ice beast

Illustrated notes

Levels and vault maps discovered:
D:1:      dpeg_arrival_tiny_a, layout_basic, chequers_ecumenical_altar_simple,
          serial_park_tiny_2, minmay_pentomino_w4
D:2:      layout_basic, serial_shops, shop_coins
D:4:      minmay_opposing_rooms, layout_loops_corners

Skill      XL: |  1  2  3  4 |
---------------+-------------+-----
Hexes          | 1 2 |  2.0
Translocations | 1 2 |  2.0
Spellcasting   | 4 5 |  5.1
Conjurations   | 5 |  5.6
Dodging        | |  2.4
Stealth        | |  2.4

Action                   |  1- 3 |  4- 6 || total
-------------------------+-------+-------++-------
Melee: Whip              |    47 |    12 ||    59
       Punch             |     1 |       ||     1
 Cast: Magic Dart        |    36 |     3 ||    39
       Searing Ray       |     2 |     7 ||     9
 Stab: Sleeping          |     4 |     1 ||     5
Armor: Robe              |     5 |     1 ||     6
Dodge: Dodged            |    27 |     7 ||    34
